 Dungeon Crawl Stone Soup version 0.27.1-3-gb3d3a73c9e (webtiles) character file.

Game seed: 11464804779023639790

70 H0rd4k the Charlatan (level 4, 0/32 HPs)
             Began as a Human Artificer on Oct 12, 2021.
             Slain by an orc (6 damage)
             ... on level 2 of the Dungeon.
             The game lasted 00:02:12 (2716 turns).

H0rd4k the Charlatan (Human Artificer)              Turns: 2716, Time: 00:02:13

Health: 0/32       AC:  4    Str: 13    XL:     4   Next: 45%
Magic:  4/4        EV: 11    Int: 12    God:
Gold:   74         SH:  0    Dex: 13    Spells: 3/3 levels left

rFire    . . .     SeeInvis .   g - +0 dagger
rCold    . . .     Faith    .   (no shield)
rNeg     . . .     Spirit   .   b - +0 leather armour
rPois    .         Reflect  .   (no helmet)
rElec    .         Harm     .   (no cloak)
rCorr    .         Rampage  .   (no gloves)
Will     .....                  a - +0 pair of boots
Stlth    +.........             (no amulet)
HPRegen  0.10/turn              (no ring)
MPRegen  0.09/turn              (no ring)

@: no status effects
A: no striking features
a: no special abilities


You were on level 2 of the Dungeon.
You visited 1 branch of the dungeon, and saw 3 of its levels.

You collected 74 gold pieces.

Inventory:

Hand Weapons
 g - a +0 dagger (weapon)
Missiles
 f - 3 boomerangs
 j - 7 poisoned darts
Armour
 a - a +0 pair of boots (worn)
 b - a +0 leather armour (worn)
Wands
 c - a wand of flame (7) (quivered)
 d - a wand of charming (14)
Scrolls
 i - a scroll of noise {unknown}
 k - 2 scrolls of vulnerability {unknown}
 l - a scroll of magic mapping {unknown}
Potions
 h - a potion of degeneration {unknown}
 m - a potion of might {unknown}
 n - a potion of heal wounds {unknown}
Miscellaneous
 e - a piece from Xom's chessboard (15/15)


   Skills:
 + Level 1.5 Fighting
 + Level 1.3 Short Blades
 - Level 2.0 Armour
 + Level 1.7 Dodging
 - Level 1.0 Stealth
 + Level 4.1 Evocations


You had 3 spell levels left.
You didn't know any spells.
Your spell library was empty.

Dungeon Overview and Level Annotations

Branches:
Dungeon (3/15)

Altars:


Message History

There are monsters nearby!
There are monsters nearby!
There are monsters nearby!
There is a stone staircase leading up here.
The orc shouts! x2; You hear an angry hiss.
The orc completely misses you.
You climb upwards.
There is a stone staircase leading down here.
You climb downwards.
An adder comes into view.
The orc completely misses you. The orc closely misses you.
There is a stone staircase leading up here.
The orc hits you with a +0 whip. The orc closely misses you.
The orc barely misses you.
You climb upwards.
There is a stone staircase leading down here.
You closely miss the orc. The orc barely misses you.
The orc hits you with a +0 dagger. The orc hits you but does no damage.
You hit the orc.
The orc is heavily wounded.
The orc hits you but does no damage. The orc hits you with a +0 dagger.
The orc hits you but does no damage.
You barely miss the orc.
The orc is heavily wounded.
The orc hits you with a +0 whip. The orc hits you with a +0 dagger.
The orc misses you.
You barely miss the orc.
The orc is heavily wounded.
The orc hits you with a +0 whip. The orc closely misses you.
The orc hits you with a +0 flail.
You barely miss the orc.
The orc is heavily wounded.
The orc completely misses you. The orc hits you with a +0 dagger.
The orc hits you with a +0 flail.
* * * LOW HITPOINT WARNING * * *
You closely miss the orc.
The orc is heavily wounded.
The orc closely misses you. The orc misses you.
The orc hits you with a +0 flail.
You die...

##.....# ##.## #.#
#♣.♣..## #..# #.#
##....# #..# #.#
#♣.♣..# #..###.#
##.#### #...##.#
#♣.♣###########..##.#
....................#
#♣.♣......#####oo####
.'.............o@#
#♣.♣......^#######
####'#####.#
...........#
......###### ......#
......# #######


You could see 3 orcs.

Vanquished Creatures
  2 adders (D:2)
  2 dart slugs (D:2)
  4 ball pythons
  5 endoplasms
  2 giant cockroaches
  2 goblins (D:1)
  3 hobgoblins
  3 jackals (D:1)
  6 bats
  3 frilled lizards
  5 kobolds
  6 rats
43 creatures vanquished.

Vanquished Creatures (collateral kills)
  A goblin (D:2)
  A hobgoblin (D:2)
  A ball python (D:2)
3 creatures vanquished.

Vanquished Creatures (others)
  4 fungi (D:2)
  10 plants (D:2)
14 creatures vanquished.

Grand Total: 60 creatures vanquished

Notes
Turn   | Place    | Note
-------+----------+-------------------------------------------
     0 | D:1      | H0rd4k the Human Artificer began the quest for the Orb.
     0 | D:1      | Reached XP level 1. HP: 15/15 MP: 1/1
   184 | D:1      | Reached XP level 2. HP: 14/21 MP: 2/2
   870 | D:1      | Reached XP level 3. HP: 24/26 MP: 3/3
  1296 | D:1      | Reached skill level 4 in Evocations
  1789 | D:2      | Reached skill level 1 in Short Blades
  1926 | D:2      | Reached XP level 4. HP: 31/32 MP: 4/4
  2112 | D:2      | Found a faded altar of an unknown god.
  2716 | D:2      | Slain by an orc

Illustrated notes

Levels and vault maps discovered:
D:1:      wheals_arrival_shading, layout_basic
D:2:      layout_basic, serial_forest, infiniplex_forest_lined_room_2,
          infiniplex_forest_lined_2, infiniplex_forest_clump_long,
          infiniplex_forest_lined_3, infiniplex_forest_clump_curved,
          infiniplex_forest_clump_medium, infiniplex_forest_zigzag_1,
          dreamdust_ecumenical_altar_grove
D:3:      layout_basic, mainiacjoe_overflow_paths, serial_shops, shop, shop,
          shop, nicolae_shop_waterfront

Skill      XL: |  1  2  3 |
---------------+----------+-----
Evocations     | 4 |  4.1
Short Blades   | 1 |  1.3
Fighting       | |  1.5
Armour         | |  2.0
Dodging        | |  1.7
Stealth        | |  1.0

Action                   |  1- 3 |  4- 6 || total
-------------------------+-------+-------++-------
Melee: Club              |    15 |       ||    15
       Dagger            |   173 |    50 ||   223
Evoke: Wand              |     4 |     5 ||     9
 Stab: Sleeping          |     1 |       ||     1
Armor: Leather armour    |    74 |    10 ||    84
Dodge: Dodged            |   154 |    31 ||   185
